 Dungeon Crawl Stone Soup version 0.18.1-48-g4cf74bf (webtiles) character file.

8972 infojoueur the Covert (level 11, -4/83 HPs)
             Began as a Demonspawn Assassin on July 14, 2016.
             Killed from afar by Galewind's ghost (32 damage)
             ... with an orb of energy
             ... on level 11 of the Dungeon.
             The game lasted 00:44:55 (10480 turns).

infojoueur the Covert (Demonspawn Assassin)        Turns: 10480, Time: 00:44:56

Health: -4/83      AC: 15    Str: 14    XL:     11   Next: 16%
Magic:  15/15      EV: 16    Int: 12    God:
Gold:   449        SH:  0    Dex: 13    Spells: 2 memorised, 9 levels left

rFire  . . .     SeeInvis .     u - +3 short sword (speed)
rCold  . . .     Gourm    .     c - +1 robe
rNeg   . . .     Faith    .     (no shield)
rPois  .         Spirit   .     l - +1 hat
rElec  .         Dismiss  .     v - +0 cloak
rCorr  .         Reflect  .     (no gloves)
SustAt .         Harm     .     (no boots)
MR     .....                    (no amulet)
Stlth  +++++++...               d - ring of stealth
                                b - ring of flight

@: not resistant to hostile enchantments, extremely stealthy
A: hooves 1, rough black scales 3, nightstalker 2, spiny 2
a: Evoke Flight


You were on level 11 of the Dungeon.
You were not hungry.

You visited 1 branch of the dungeon, and saw 11 of its levels.

You collected 659 gold pieces.
You spent 210 gold pieces at shops.

Inventory:

Hand Weapons
 a - a +2 dagger
 u - a +3 short sword of speed (weapon)
Missiles
 e - 19 poisoned needles (quivered)
 f - 2 curare-tipped needles
 t - 6 needles of paralysis
Armour
 c - a +1 robe (worn)
 l - a +1 hat (worn)
 v - a +0 cloak (worn)
Jewellery
 b - a ring of flight (left hand)
 d - a ring of stealth (right hand)
 z - an uncursed ring of protection from cold
Wands
 s - a wand of lightning (12/15)
 x - a wand of teleportation (4/9)
Scrolls
 h - a scroll of fear
 p - 3 scrolls of teleportation
 w - 2 scrolls of recharging
 C - a scroll of enchant weapon {unknown}
 G - a scroll of blinking
Potions
 k - a potion of cancellation {unknown}
 o - 3 potions of agility
 B - a potion of flight
 D - 3 potions of curing
 E - a potion of haste
Books
 m - a book of the Sky

   Spells                             Type                      Level
   a - Summon Lightning Spire         Summoning/Air                4
   b - Airstrike                      Air                          4
   c - Silence                        Hexes/Air                    5
   d - Deflect Missiles               Charms/Air                   6
   e - Conjure Ball Lightning         Conjuration/Air              6
   f - Tornado                        Air                          9
 r - a book of the Warp

   Spells                             Type                      Level
   a - Recall                         Summoning/Translocation      3
   b - Gell's Gravitas                Hexes/Translocation          3
   c - Force Lance                    Conjuration/Translocation    4
   d - Warp Weapon                    Charms/Translocation         5
   e - Summon Forest                  Summoning/Translocation      5
 y - a Fen Folio

   Spells                             Type                      Level
   a - Corpse Rot                     Necromancy                   2
   b - Stone Arrow                    Conjuration/Earth            3
   c - Leda's Liquefaction            Hexes/Earth                  4
   d - Summon Forest                  Summoning/Translocation      5
   e - Hydra Form                     Transmutation                6
   f - Summon Hydra                   Summoning                    7
Miscellaneous
 A - a sack of spiders
 F - a plain deck of wonders
Comestibles
 g - 10 bread rations
 i - 5 meat rations
 j - a beef jerky
 n - 10 royal jellies
 q - 7 fruits


   Skills:
 + Level 6.6 Fighting
 + Level 5.9 Short Blades
 + Level 3.8 Throwing
 + Level 3.1 Armour
 + Level 8.0 Dodging
 + Level 11.3 Stealth
 + Level 3.1 Unarmed Combat
 + Level 3.1 Spellcasting
 + Level 3.4 Evocations


You had 9 spell levels left.
You knew the following spells:

 Your Spells              Type           Power        Failure   Level  Hunger
a - Summon Lightning Spi  Summ/Air       #.......     100%        4    #####..
b - Recall                Summ/Tloc      N/A          80%         3    ###....


Dungeon Overview and Level Annotations

Branches:
Dungeon (11/15)            Temple (0/1) D:4
   Lair: D:8-11         Orc: D:9-12

Altars:
Cheibriados
Dithmenos
Gozag
Nemelex Xobeh
Okawaru

Shops:
D:6 *   D:8 =

Annotations:
D:11 Galewind's ghost, journeyman DECj


Innate Abilities, Weirdness & Mutations

You have large cloven feet.
You are completely covered in rough black scales (AC +10, Dex -3).
You are significantly more attuned to the shadows.
You are mostly covered in sharp spines.


Message History

You hit Galewind's ghost.
You kick Galewind's ghost, but do no damage.
Galewind's ghost is moderately damaged.
Galewind's ghost hits you but does no damage.
You hit Galewind's ghost.
Galewind's ghost is moderately damaged.
You barely miss Galewind's ghost. Your kick misses Galewind's ghost.
Galewind's ghost is moderately damaged.
Galewind's ghost misses you.
You hit Galewind's ghost but do no damage.
Your kick misses Galewind's ghost.
Galewind's ghost is moderately damaged.
Galewind's ghost hits you. Galewind's ghost casts a spell at you.
The stone arrow hits you!
The battlesphere fires!
The barrage of energy hits you!
Found a stone staircase leading down.
Galewind's ghost points at you and mumbles some strange words.
The orb of energy hits you!
You die...

...........................
...........................
...........................
...........................
...?.†...).................
.........*.................
.......................#...
........W.....#....#...#...
.......#..@..##...##...#...
...........### #...
..........# #..< .....####
###. .... #.. .>.. #.. #..
###


You could see a battlesphere and Galewind's ghost.

Vanquished Creatures
  A hill giant (D:10)
  Maurice (D:8)
  A troll (D:6)
  A queen bee (D:10)
  A spriggan (D:8)
  4 yaks (D:9)
  A steam dragon (D:10)
  A hungry ghost (D:7)
  A water moccasin (D:7)
  2 ice beasts
  An orc warrior (D:10)
  2 black bears
  A necrophage (D:8)
  2 ogres
  A centaur (D:8)
  4 big kobolds
  4 giant frogs
  9 scorpions
  A water moccasin skeleton (D:8)
  36 killer bees
  5 howler monkeys
  3 crimson imps
  A quasit (D:8)
  A centaur zombie (D:10)
  A giant frog zombie (D:5)
  5 hounds
  A centaur skeleton (D:3)
  5 jellies
  3 orc priests
  5 orc wizards
  An iguana (D:5)
  Jessica (D:3)
  A giant frog skeleton (D:8)
  4 worker ants
  A killer bee zombie (D:7)
  A hound zombie (D:6)
  2 worker ant zombies
  2 gnolls (D:2)
  10 adders
  3 shadow imps
  2 oozes
  An adder zombie (D:6)
  3 worms
  3 dart slugs
  7 giant geckos
  19 orcs
  A ball python (D:6)
  8 bats
  7 giant cockroaches
  14 goblins
  7 hobgoblins
  4 jackals (D:2)
  10 kobolds
  3 quokkas
  A ball python skeleton (D:6)
  4 giant newts
  4 rats
  A fungus (D:5)
230 creatures vanquished.

Notes
Turn   | Place    | Note
--------------------------------------------------------------
     0 | D:1      | infojoueur the Demonspawn Assassin began the quest for the Orb.
     0 | D:1      | Reached XP level 1. HP: 16/16 MP: 1/1
     3 | D:1      | Noticed an electric eel
     3 | D:1      | Noticed an electric eel
   119 | D:1      | Reached skill level 1 in Dodging
   345 | D:1      | Reached skill level 4 in Stealth
   434 | D:1      | Gained mutation: You are partially covered in rough black scales (AC +4, Dex -1). [demonic ancestry]
   434 | D:1      | Reached XP level 2. HP: 11/22 MP: 2/2
  1242 | D:2      | Gained mutation: You are partially covered in sharp spines. [demonic ancestry]
  1242 | D:2      | Reached XP level 3. HP: 15/27 MP: 3/3
  1671 | D:2      | Gained mutation: You are slightly more attuned to the shadows. [demonic ancestry]
  1671 | D:2      | Reached XP level 4. HP: 27/33 MP: 4/4
  1855 | D:3      | Noticed Jessica
  1859 | D:3      | Killed Jessica
  1954 | D:3      | Found a sparkling altar of Nemelex Xobeh.
  2323 | D:3      | Reached XP level 5. HP: 35/39 MP: 5/5
  2520 | D:4      | Reached skill level 5 in Stealth
  2812 | D:4      | Noticed an ogre
  2831 | D:4      | Killed an ogre
  2831 | D:4      | Gained mutation: You are significantly more attuned to the shadows. [demonic ancestry]
  2831 | D:4      | Reached XP level 6. HP: 29/46 MP: 6/6
  3009 | D:4      | Found a staircase to the Ecumenical Temple.
  3133 | D:5      | Entered Level 5 of the Dungeon
  3168 | D:4      | HP: 1/46 [howler monkey (2)]
  3665 | D:5      | Reached skill level 6 in Stealth
  3733 | D:5      | Found a snail-covered altar of Cheibriados.
  3861 | D:5      | Gained mutation: You have large cloven feet. [demonic ancestry]
  3861 | D:5      | Reached XP level 7. HP: 52/52 MP: 7/7
  4300 | D:5      | Got a glittering ivory ring
  4777 | D:5      | Reached skill level 7 in Stealth
  4954 | D:6      | Found an iron altar of Okawaru.
  5270 | D:6      | Noticed a troll
  5275 | D:6      | Killed a troll
  5275 | D:6      | Gained mutation: You are mostly covered in sharp spines. [demonic ancestry]
  5275 | D:6      | Reached XP level 8. HP: 52/60 MP: 8/8
  5438 | D:6      | Found Wypapor's Assorted Antiques.
  5921 | D:7      | Reached skill level 5 in Dodging
  5921 | D:7      | Reached skill level 8 in Stealth
  6227 | D:7      | Reached skill level 9 in Stealth
  6332 | D:7      | Found a shadowy altar of Dithmenos.
  6347 | D:7      | Identified the cursed ring of Buczya {rF++ Int-2 Stlth+} (You found it on level 5 of the Dungeon)
  6489 | D:7      | Reached skill level 5 in Fighting
  6489 | D:7      | Reached skill level 5 in Short Blades
  6489 | D:7      | Gained mutation: You are mostly covered in rough black scales (AC +7, Dex -2). [demonic ancestry]
  6489 | D:7      | Reached XP level 9. HP: 69/69 MP: 8/13
  7082 | D:8      | Noticed Maurice
  7518 | D:8      | Reached XP level 10. HP: 76/76 MP: 14/14
  7530 | D:8      | Reached skill level 10 in Stealth
  7704 | D:8      | Killed Maurice
  7823 | D:8      | Found Ydigutt's Jewellery Emporium.
  7829 | D:8      | Bought an uncursed ring of flight for 210 gold pieces
  8506 | D:9      | Found an opulent altar of Gozag.
  9122 | D:9      | Learned a level 4 spell: Summon Lightning Spire
  9126 | D:9      | Learned a level 3 spell: Recall
  9127 | D:10     | Entered Level 10 of the Dungeon
  9227 | D:10     | Noticed a hill giant
  9244 | D:10     | Killed a hill giant
  9244 | D:10     | Reached skill level 11 in Stealth
  9359 | D:10     | Gained mutation: You are completely covered in rough black scales (AC +10, Dex -3). [demonic ancestry]
  9359 | D:10     | Reached XP level 11. HP: 31/83 MP: 15/15
 10461 | D:11     | Noticed Galewind's ghost (journeyman DECj)
 10480 | D:11     | Killed from afar by Galewind's ghost

Skill      XL: |  1  2  3  4  5  6  7  8  9 10 11 |
---------------+----------------------------------+-----
Dodging        | 1 2 3 4 6 7 8 |  8.0
Stealth        | 4 5 6 7 9 11 | 11.3
Short Blades   | 2 3 5 |  5.9
Fighting       | 3 4 5 6 |  6.6
Throwing       | 3 |  3.8
Armour         | 3 |  3.1
Unarmed Combat | 3 |  3.1
Spellcasting   | 3 |  3.1
Evocations     | 3 |  3.4

Action                   |  1- 3 |  4- 6 |  7- 9 | 10-12 || total
-------------------------+-------+-------+-------+-------++-------
Melee: Dagger            |   111 |    97 |   167 |    21 ||   396
       Kick              |       |       |    46 |    63 ||   109
       Short sword       |       |       |       |   273 ||   273
       Punch             |       |       |       |     2 ||     2
  Use: Potion            |     3 |     2 |     3 |     4 ||    12
       Scroll            |     6 |     5 |     7 |     1 ||    19
 Stab: Sleeping          |     7 |    15 |    22 |    23 ||    67
       Distracted        |       |     1 |     1 |     2 ||     4
  Eat: Beef jerky        |     1 |     1 |       |     2 ||     4
       Chunk             |     1 |     3 |     4 |       ||     8
       Meat ration       |       |     1 |     2 |     1 ||     4
Armor: Robe              |    38 |    15 |    33 |    62 ||   148
Dodge: Dodged            |    90 |    33 |    55 |   133 ||   311
